 Dungeon Sprint DCSS version 0.21.1-1-g345015f (webtiles) character file.

14135 Fang the Severer (level 12, -7/132 HPs)
             Began as a Gargoyle Berserker on June 27, 2018.
             Was a High Priest of Trog.
             Killed from afar by an orb of fire (25 damage)
             ... with a bolt of fire
             ... in the Dungeon (Sprint VII: "The Pits") on June 28, 2018.
             The game lasted 00:10:53 (3512 turns).

Fang the Severer (Gargoyle Berserker)               Turns: 3512, Time: 00:10:54

Health: -7/132     AC: 20    Str: 29    XL:     12   Next: 13%
Magic:  12/12      EV: 16    Int:  8    God:    Trog [*****.]
Gold:   18         SH:  0    Dex:  9    Spells: 11/11 levels left

rFire    + . .     SeeInvis .   E - +6 hand axe (venom)
rCold    . . .     Gourm    .   (no shield)
rNeg     + . .     Faith    .   n - +5 ring mail
rPois    ∞         Spirit   .   (no helmet)
rElec    +         Reflect  .   (no cloak)
rCorr    .         Harm     .   (no gloves)
MR       +....     NoTele   +   (no boots)
Stlth    ..........             (no amulet)
HPRegen  0.32/turn              C - ring of protection from magic
MPRegen  0.13/turn              v - ring of protection from fire

@: berserking (expiring), very quick
A: negative energy resistance 1, electricity resistance, weak 1, unbreathing,
petrification resistance, rot immunity, AC +8
a: Berserk, Trog's Hand, Brothers in Arms, Burn Spellbooks, Renounce Religion


You were in the Dungeon.
You worshipped Trog.
Trog was extremely pleased with you.
You were near starving.

You visited 1 branch You collected 18 gold pieces.

Inventory:

Hand Weapons
 a - a +4 executioner's axe of chopping
 b - a +3 antimagic executioner's axe
 j - a +2 hand axe
 s - a +2 war axe of freezing
 t - the +8 hand axe "Poguts" {venom, *Slow Int+4}
   (Trog gifted it to you in the Dungeon)

   It poisons the flesh of those it strikes.
   It affects your intelligence (+4).
   It may slow you when you take damage.
 E - a +6 hand axe of venom (weapon)
Armour
 n - a +5 ring mail (worn)
Jewellery
 p - a +3 ring of evasion
 q - a +3 ring of evasion
 v - a ring of protection from fire (right hand)
 C - a ring of protection from magic (left hand)
Scrolls
 i - 6 scrolls of blinking
 l - 5 scrolls of remove curse
 m - a scroll of summoning
 o - a scroll of identify
 w - 2 scrolls of fog
 y - 2 scrolls of enchant weapon
 B - a scroll of fear
Potions
 d - 10 potions of curing
 e - 12 potions of heal wounds
 f - a potion of haste
 g - 4 potions of magic
 h - 6 potions of berserk rage
 k - 2 potions of invisibility
 r - 6 potions of might
 u - a potion of cancellation
 z - a potion of brilliance
 A - a potion of resistance
Miscellaneous
 x - a phial of floods
Comestibles
 c - 7 rations


   Skills:
 + Level 15.4 Fighting
 + Level 18.5 Axes
 + Level 9.3 Armour
 + Level 10.1 Dodging
 + Level 9.1 Stealth


You had 11 spell levels left.
You didn't know any spells.

Dungeon Overview and Level Annotations

Branches:
Dungeon (1/1)

Altars:
Ashenzari
Cheibriados
Dithmenos
Elyvilon
Fedhas
Gozag
Hepliaklqana
Kikubaaqudgha
Makhleb
Nemelex Xobeh
Okawaru
Qazlal
Ru
Sif Muna
Trog
Uskayaw
Vehumet
Wu Jian
Xom
Yredelemnul
Zin
The Shining One
Beogh
Jiyva
Lugonu


Innate Abilities, Weirdness & Mutations

You are resistant to torment.
Your stone body is resilient. (AC +8)
You are immune to poison.
You resist negative energy. (rN+)
You are resistant to electric shocks. (rElec)
You can survive without breathing.
You are immune to petrification.
You are immune to rotting.
You are weak. (Str -2)


Message History

The orb of fire is heavily damaged.
Unknown command.
You hit the orb of fire but do no damage.
The orb of fire is heavily damaged.
You miss the orb of fire.
The orb of fire is heavily damaged.
Unknown command.
You slash the orb of fire!
The orb of fire is heavily damaged.
Unknown command.
You hit the orb of fire.
The orb of fire is heavily damaged.
Unknown command.
You miss the orb of fire.
The orb of fire is heavily damaged.
You slice the orb of fire!!
The orb of fire is severely damaged.
The orb of fire glows bright magenta.
The bolt of fire hits you! You resist.
You die...

#+# #.# #*#
################@#
.....†.........).#
...............)÷#
+##############÷.#
#..# #..# #..#
#..# #..#


You could see an orb of fire.

Vanquished Creatures
  A balrug (D)
  An eidolon (D)
  A catoblepas (D)
  A death knight (D)
  3 death yaks (D)
  A two-headed ogre (D)
  2 hell hogs (D)
  A deep troll (D)
  3 lindwurms (D)
  A deep elf mage (D)
  2 elephants (D)
  A black mamba (D)
  A rime drake (D)
  A demonic crawler (D)
  A troll (D)
  A hornet (D)
  2 bog bodies (D)
  A wraith (D)
  A vampire (D)
  A hungry ghost (D)
  A chaos spawn (D)
  2 acid dragons (D)
  A water moccasin (D)
  A floating eye (D)
  A warg (D)
  A necrophage (D)
  A big kobold (D)
  6 killer bees (D)
  A jelly (D)
  An orc priest (D)
  An iguana (D)
  A worker ant (D)
  An adder (D)
  A white imp (D)
  2 ufetubi (D)
  3 orcs (D)
  A bat (D)
  A giant cockroach (D)
  A goblin (D)
  2 hobgoblins (D)
  7 jackals (D)
  A kobold (D)
  A ball python (D)
  A frilled lizard (D)
  A rat (D)
68 creatures vanquished.

Vanquished Creatures (collateral kills)
  2 hell hogs (D)
  An elephant (D)
  A komodo dragon (D)
  A guardian mummy (D)
  A polar bear (D)
  2 redbacks (D)
  Eustachio (D)
  An acid dragon (D)
  A swamp drake (D)
  Blork the orc (D)
  4 killer bees (D)
  4 orc priests (D)
  2 orc wizards (D)
  A leopard gecko (D)
  4 orcs (D)
  A goblin (D)
28 creatures vanquished.

Grand Total: 96 creatures vanquished

Notes
Turn   | Place    | Note
-------+----------+-------------------------------------------
     0 | D        | Fang the Gargoyle Berserker began the quest for the Orb.
     0 | D        | Reached XP level 1. HP: 14/14 MP: 1/1
    23 | D        | Found a bloodstained altar of Trog.
    23 | D        | Found a deep blue altar of Sif Muna.
    23 | D        | Found a viscous altar of Jiyva.
    23 | D        | Found a hazy altar of Hepliaklqana.
    23 | D        | Found an opulent altar of Gozag.
    24 | D        | Found a glowing golden altar of the Shining One.
    24 | D        | Found a glowing silver altar of Zin.
    24 | D        | Found a basalt altar of Yredelemnul.
    24 | D        | Found a shimmering altar of Xom.
    24 | D        | Found an ornate altar of the Wu Jian Council.
    24 | D        | Found a sacrificial altar of Ru.
    24 | D        | Found a stormy altar of Qazlal.
    24 | D        | Found an iron altar of Okawaru.
    24 | D        | Found a sparkling altar of Nemelex Xobeh.
    24 | D        | Found a burning altar of Makhleb.
    24 | D        | Found a blossoming altar of Fedhas.
    24 | D        | Found a white marble altar of Elyvilon.
    24 | D        | Found a shadowy altar of Dithmenos.
    24 | D        | Found a snail-covered altar of Cheibriados.
    26 | D        | Found a radiant altar of Vehumet.
    26 | D        | Found a corrupted altar of Lugonu.
    26 | D        | Found a roughly hewn altar of Beogh.
    68 | D        | Reached skill level 3 in Axes
    70 | D        | Reached ** piety under Trog
   129 | D        | Reached XP level 2. HP: 18/20 MP: 2/2
   162 | D        | Reached *** piety under Trog
   169 | D        | Reached skill level 1 in Stealth
   171 | D        | Reached skill level 5 in Fighting
   171 | D        | Reached skill level 4 in Axes
   171 | D        | Reached XP level 3. HP: 10/26 MP: 3/3
   449 | D        | Noticed a necrophage
   451 | D        | Noticed a hungry ghost
   452 | D        | Noticed a water moccasin
   454 | D        | Killed a necrophage
   454 | D        | Reached **** piety under Trog
   454 | D        | Reached skill level 6 in Axes
   454 | D        | Reached XP level 4. HP: 32/32 MP: 4/4
   454 | D        | Reached XP level 5. HP: 37/37 MP: 5/5
   463 | D        | Killed a hungry ghost
   463 | D        | Reached skill level 7 in Axes
   463 | D        | Reached XP level 6. HP: 29/44 MP: 6/6
   465 | D        | Killed a water moccasin
   465 | D        | Reached ***** piety under Trog
   465 | D        | Reached skill level 8 in Axes
   678 | D        | Received a gift from Trog
   684 | D        | Noticed a death yak
   692 | D        | Killed a death yak
   692 | D        | Reached skill level 10 in Fighting
   692 | D        | Reached skill level 10 in Axes
   692 | D        | Reached skill level 5 in Armour
   692 | D        | Reached XP level 7. HP: 15/53 MP: 2/7
   692 | D        | Reached XP level 8. HP: 17/58 MP: 2/8
   936 | D        | Noticed a deep elf mage
   942 | D        | Killed a deep elf mage
   942 | D        | Received a gift from Trog
   942 | D        | Reached skill level 11 in Axes
   943 | D        | Reached XP level 9. HP: 64/64 MP: 3/9
  1102 | D        | Found a hide-covered altar of Uskayaw.
  1102 | D        | Found an ancient bone altar of Kikubaaqudgha.
  1102 | D        | Found a shattered altar of Ashenzari.
  1128 | D        | Noticed a death yak
  1129 | D        | Noticed a hornet
  1136 | D        | Killed a death yak
  1136 | D        | Reached skill level 12 in Axes
  1136 | D        | Killed a hornet
  1136 | D        | Reached skill level 13 in Axes
  1222 | D        | Noticed Eustachio
  1232 | D        | Reached ****** piety under Trog
  1232 | D        | Received a gift from Trog
  1237 | D        | Killed Eustachio
  1286 | D        | Noticed a guardian mummy
  1286 | D        | Noticed a lindwurm
  1290 | D        | Killed a guardian mummy
  1296 | D        | Received a gift from Trog
  1297 | D        | Killed a lindwurm
  1297 | D        | Reached skill level 14 in Axes
  1297 | D        | Reached XP level 10. HP: 72/72 MP: 10/10
  1301 | D        | Received a gift from Trog
  1446 | D        | Noticed a black mamba
  1447 | D        | Noticed a death knight
  1451 | D        | Killed a black mamba
  1458 | D        | Killed a death knight
  1458 | D        | Reached skill level 15 in Axes
  1554 | D        | Noticed an elephant
  1562 | D        | Killed an elephant
  1563 | D        | Noticed a lindwurm
  1573 | D        | Killed a lindwurm
  1573 | D        | Received a gift from Trog
  1842 | D        | Noticed a deep troll
  1847 | D        | Killed a deep troll
  1847 | D        | Reached skill level 16 in Axes
  1856 | D        | Reached XP level 11. HP: 56/79 MP: 3/11
  1983 | D        | Noticed a two-headed ogre
  1988 | D        | Killed a two-headed ogre
  1990 | D        | Received a gift from Trog
  1993 | D        | Got a faintly glowing hand axe {god gift}
  2030 | D        | Identified the +8 hand axe "Poguts" {venom, *Slow Int+4} (Trog gifted it to you in the Dungeon)
  2088 | D        | Noticed Blork the orc
  2100 | D        | Noticed an eidolon
  2104 | D        | Received a gift from Trog
  2109 | D        | Killed Blork the orc
  2112 | D        | Received a gift from Trog
  2119 | D        | Killed an eidolon
  2119 | D        | Reached skill level 17 in Axes
  2678 | D        | Noticed a lindwurm
  2685 | D        | Killed a lindwurm
  2984 | D        | Noticed a catoblepas
  2994 | D        | Killed a catoblepas
  2994 | D        | Received a gift from Trog
  3142 | D        | Noticed a death yak
  3154 | D        | Killed a death yak
  3199 | D        | Noticed a balrug
  3199 | D        | Noticed a hell hog
  3200 | D        | Noticed a hell hog
  3201 | D        | Noticed a hell hog
  3204 | D        | Noticed a hell hog
  3207 | D        | Killed a hell hog
  3212 | D        | Killed a hell hog
  3212 | D        | Reached skill level 15 in Fighting
  3212 | D        | Reached skill level 18 in Axes
  3213 | D        | Killed a hell hog
  3215 | D        | Killed a balrug
  3215 | D        | Received a gift from Trog
  3215 | D        | Reached skill level 10 in Dodging
  3215 | D        | Reached XP level 12. HP: 62/88 MP: 12/12
  3216 | D        | Killed a hell hog
  3477 | D        | Noticed an orb of fire
  3502 | D        | Gained mutation: You are weak. (Str -2) [an orb of fire]
  3512 | D        | Killed from afar by an orb of fire

Skill      XL: |  1  2  3  4  5  6  7  8  9 10 11 |
---------------+----------------------------------+-----
Axes           | 3 4 6 7 10 11 14 16 18 | 18.5
Fighting       | 4 5 6 8 10 11 12 13 15 | 15.4
Dodging        | 2 3 4 6 7 8 10 | 10.1
Stealth        | 1 3 4 6 7 8 9 |  9.1
Armour         | 3 4 5 6 9 |  9.3

Action                   |  1- 3 |  4- 6 |  7- 9 | 10-12 || total
-------------------------+-------+-------+-------+-------++-------
Melee: Hand axe          |    31 |    15 |       |    52 ||    98
       War axe           |       |     6 |    10 |       ||    16
       Executioner's axe |       |       |    21 |    68 ||    89
Invok: Berserk           |     2 |     1 |     4 |     9 ||    16
       Brothers in Arms  |       |       |     3 |     6 ||     9
  Use: Potion            |       |       |       |     2 ||     2
 Stab: Sleeping          |     2 |     1 |       |       ||     3
       Distracted        |       |       |       |     3 ||     3
  Eat: Chunk             |       |     3 |     3 |    10 ||    16
       Ration            |       |       |     1 |     2 ||     3
Armor: Animal skin       |    11 |     5 |     1 |       ||    17
       Ring mail         |       |       |    15 |    54 ||    69
Dodge: Dodged            |    19 |     8 |    59 |   130 ||   216
